 Dungeon Crawl Stone Soup version 0.20-a0-494-gf50ee04 (webtiles) character file.

15 Amnesiac the Vexing (level 2, 0/19 HPs)
             Began as a Mummy Enchanter on Jan 18, 2017.
             Slain by a jackal (1 damage)
             ... on level 3 of the Dungeon.
             The game lasted 00:02:04 (437 turns).

Amnesiac the Vexing (Mummy Enchanter)                Turns: 437, Time: 00:02:05

Health: 0/19       AC:  2    Str: 11    XL:     2   Next: 34%
Magic:  1/5        EV: 12    Int: 14    God:
Gold:   28         SH:  4    Dex: 12    Spells: 5/6 levels left

rFire    x . .     SeeInvis .   a - +1 dagger
rCold    + . .     Gourm    .   b - +0 robe
rNeg     + + +     Faith    .   (no shield)
rPois    ∞         Spirit   .   (no helmet)
rElec    .         Reflect  +   (no cloak)
rCorr    .         Harm     .   (no gloves)
MR       .....                  (no boots)
Stlth    ++........             d - +4 amulet of reflection
Regen    0.1/turn               (no ring)
                                (no ring)

@: no status effects
A: no food or potions, fire vulnerability, cold resistance 1, negative energy
resistance 3, torment resistance, unbreathing
a: no special abilities


You were on level 3 of the Dungeon.
You were not hungry.

You visited 1 branch of the dungeon, and saw 3 of its levels.

You collected 28 gold pieces.

Inventory:

Hand Weapons
 a - a +1 dagger (weapon)
Armour
 b - a +0 robe (worn)
Jewellery
 d - a +4 amulet of reflection (around neck)
Scrolls
 f - 2 scrolls of remove curse {unknown}
 g - a scroll of fog {unknown}
 h - 2 scrolls of identify {unknown}
Books
 c - a book of Maledictions

   Spells                             Type                      Level
   a - Corona                         Hexes                        1
   b - Ensorcelled Hibernation        Hexes/Ice                    2
   c - Confuse                        Hexes                        3
   d - Tukima's Dance                 Hexes                        3
   e - Dazzling Spray                 Conjuration/Hexes            3


   Skills:
 - Level 0.8 Short Blades
 + Level 2.3 Dodging
 - Level 2.4 Stealth
 - Level 2.7 Spellcasting
 - Level 2.7 Hexes


You had 5 spell levels left.
You knew the following spells:

 Your Spells              Type           Power        Failure   Level  Hunger
f - Corona                Hex            #......      10%         1    N/A

Dungeon Overview and Level Annotations

Branches:
Dungeon (3/15)

Altars:

Annotations:
D:3 removeelyvilon's ghost, amateur MfTm


Innate Abilities, Weirdness & Mutations

You do not eat or drink.
Your flesh is vulnerable to fire.
You are immune to poison.
Your flesh is cold resistant. (rC+)
You are immune to negative energy. (rN+++)
You are immune to unholy pain and torment.
You can survive without breathing.


Message History

Confirm with . or Enter, or press ? or * to list all spells.
Aiming: Corona
Press: ? - help, Shift-Dir - straight line, f/p - jackal
Aim: a jackal (moderately wounded, chance to defeat MR: 62%)
The jackal is outlined in light.
The jackal bites you.
* * * LOW HITPOINT WARNING * * *
The jackal bites you but does no damage.
You barely miss the jackal.
The jackal is moderately wounded.
The jackal bites you.
* * * LOW HITPOINT WARNING * * *
You completely miss the jackal.
The jackal is lightly wounded.
The jackal bites you.
* * * LOW HITPOINT WARNING * * *
You barely miss the jackal. The jackal barely misses you.
You hit the jackal.
The jackal is lightly wounded.
The jackal closely misses you. The jackal bites you.
You die...

#########
###
#.......#
..##
#.......#
...##
#.......#
...!#
#.......#
....# #@#
....# ####h#
....# #..hl#
....##
##....#
.....###
##.....#
.......#
#......#
....##.#
#.#.%..#
....# #
#$......#
..# ....#
......#....#
..##


You could see a leopard gecko and 2 jackals.

Vanquished Creatures
  A leopard gecko (D:1)
  2 ball pythons
  A goblin (D:3)
  2 hobgoblins
  A jackal (D:3)
  A kobold (D:1)
  3 bats
  A frilled lizard (D:1)
  2 rats
14 creatures vanquished.

Notes
Turn   | Place    | Note
-------+----------+-------------------------------------------
     0 | D:1      | Amnesiac the Mummy Enchanter began the quest for the Orb.
     0 | D:1      | Reached XP level 1. HP: 13/13 MP: 4/4
   177 | D:2      | Reached XP level 2. HP: 13/19 MP: 5/5
   324 | D:3      | Noticed removeelyvilon's ghost (amateur MfTm)
   437 | D:3      | Slain by a jackal

Vault maps used:
D:1:      minmay_arrival_shattered_statue
D:2:      evilmike_ruin_ashenzari
D:3:      first_bread, minmay_misc_feat_ornament

Skill      XL: |  1 |
---------------+----+-----
Dodging        | 2 |  2.3
Short Blades   | |  0.8
Stealth        | |  2.4
Spellcasting   | |  2.7
Hexes          | |  2.7

Action                   || total
-------------------------++-------
Melee: Dagger            ||    51
 Cast: Corona            ||     6
  Use: Scroll            ||     1
 Stab: Sleeping          ||     6
Armor: Robe              ||     8
Dodge: Dodged            ||    46
Block: Other             ||     8
